 Dungeon Crawl Stone Soup version 0.28.0 (webtiles) character file.

Game seed: 9775706538247927439

44 danielguo94 the Shield-Bearer (level 3, -6/24 HPs)
             Began as a Gargoyle Fighter on Feb 5, 2022.
             Mangled by Terence (7 damage)
             ... on level 2 of the Dungeon.
             The game lasted 00:01:44 (1134 turns).

danielguo94 the Shield-Bearer (Gargoyle Fighter)    Turns: 1134, Time: 00:01:45

Health: -6/24      AC: 10    Str: 21    XL:     3   Next: 62%
Magic:  3/3        EV:  9    Int:  8    God:
Gold:   24         SH:  5    Dex:  9    Spells: 2/2 levels left

rFire   . . .      SeeInvis .   a - +0 flail
rCold   . . .      Faith    .   c - +1 buckler
rNeg    + . .      Spirit   .   b - +0 scale mail
rPois   ∞          Reflect  .   (no helmet)
rElec   +          Harm     .   (no cloak)
rCorr   .          Rampage  .   (no gloves)
Will    .....                   (no boots)
Stlth   ..........              (no amulet)
HPRegen 0.08/turn               (no ring)
MPRegen 0.08/turn               (no ring)

@: no status effects
A: sickness immunity, AC +3, negative energy resistance 1, electricity
resistance, torment resistance 1, petrification resistance
a: no special abilities


You were on level 2 of the Dungeon.
You visited 1 branch of the dungeon, and saw 2 of its levels.

You collected 24 gold pieces.

Inventory:

Hand Weapons
 a - a +0 flail (weapon)
Missiles
 e - 56 stones (quivered)
Armour
 b - a +0 scale mail (worn)
 c - a +1 buckler (worn)
Scrolls
 g - 3 scrolls of enchant armour
 h - 2 scrolls of fear {unknown}
 i - a scroll of enchant weapon {unknown}
 l - a scroll of amnesia {unknown}
 m - a scroll of identify {unknown}
Potions
 d - 2 potions of might
 f - a potion of curing {unknown}
 j - a potion of invisibility {unknown}
 k - a potion of flight {unknown}


   Skills:
 + Level 3.6 Fighting
 * Level 2.4 Maces & Flails
 + Level 3.7 Armour
 + Level 0.4 Dodging
 + Level 3.8 Shields


You had 2 spell levels left.
You didn't know any spells.
Your spell library contained the following spells:

 Spells                   Type           Power      Damage    Failure   Level
 Tukima's Dance           Hex            0%         N/A       99%         3
 Anguish                  Hex/Necr       0%         N/A       100%        4
 Enfeeble                 Hex            0%         N/A       100%        7


Dungeon Overview and Level Annotations

Branches:
Dungeon (2/15)

Altars:
Dithmenos

Annotations:
D:2 Terence


Innate Abilities, Weirdness & Mutations

You are immune to sickness and miasma.
Your stone body is resilient. (AC +3)
You are immune to poison.
You resist negative energy. (rN+)
You are resistant to electric shocks. (rElec)
You are resistant to unholy torment.
You are immune to petrification.


Message History

You kill the goblin!
No target in view!
No target in view!
No target in view!
Saving game... please wait.
Welcome back, danielguo94 the Gargoyle Fighter.
Press ? for a list of commands and other information.
m - a scroll labelled DENODGH GEPN Terence the Incautious comes into view.
He is wielding a +2 mace of protection.
Found a scroll labelled DENODGH GEPN.
Terence shouts!
Terence shouts, "Get ready for death!"
Terence is nearby!
Terence is nearby!
You hit Terence but do no damage.
Terence hits you with a +2 mace of protection.
You closely miss Terence. Terence hits you but does no damage.
You closely miss Terence. Terence hits you but does no damage. x2
You closely miss Terence.
Terence hits you with a +2 mace of protection.
You hit Terence but do no damage. Terence closely misses you.
You barely miss Terence. Terence hits you but does no damage.
You block Terence's attack.
You hit Terence but do no damage.
Terence hits you with a +2 mace of protection.
You are too injured to fight recklessly!
You are too injured to fight recklessly!
You are too injured to fight recklessly!
You hit Terence but do no damage.
Terence hits you with a +2 mace of protection.
* * * LOW HITPOINT WARNING * * *
You barely miss Terence. Terence looks scornfully at you.
Terence hits you with a +2 mace of protection.
* * * LOW HITPOINT WARNING * * *
You barely miss Terence.
Terence hits you with a +2 mace of protection.
* * * LOW HITPOINT WARNING * * *
Terence hits you with a +2 mace of protection!
You die...

####.#..(###
.......^....####
.####....>..†..#
#.......##.#
#.#...####.# ...#...#
#.# #####.######.#
#.##............#####
#...@###......#......
###.@# #.###....###.#
#..# #.....#.## #..
#..# #.##..#.## #..
##?# #.##.....###..
#.# #.##..#.#.##..
#.# .##..#.##.... ...
............
.....#.##....


You could see Terence.

Vanquished Creatures
  An adder (D:2)
  3 dart slugs (D:1)
  3 ball pythons (D:1)
  3 bats (D:1)
  An endoplasm (D:1)
  A hobgoblin (D:1)
  5 kobolds (D:1)
  2 quokkas (D:1)
  A frilled lizard (D:2)
  5 goblins
  2 rats (D:1)
27 creatures vanquished.

Notes
Turn   | Place    | Note
-------+----------+-------------------------------------------
     0 | D:1      | danielguo94 the Gargoyle Fighter began the quest for the
                  | Orb.
     0 | D:1      | Reached XP level 1. HP: 14/14 MP: 1/1
    96 | D:1      | Reached XP level 2. HP: 19/19 MP: 2/2
   103 | D:1      | Found a faded altar of an unknown god.
   417 | D:1      | Reached XP level 3. HP: 23/23 MP: 3/3
  1023 | D:2      | Found a shadowy altar of Dithmenos.
  1123 | D:2      | Noticed Terence
  1134 | D:2      | HP: 1/24 [Terence (2)]
  1134 | D:2      | Mangled by Terence

Illustrated notes

Levels and vault maps discovered:
D:1:      dpeg_arrival_castle, layout_loops_ring,
          chequers_ecumenical_altar_simple_redux, minmay_misc_feat_chi
D:2:      layout_loops_ring, basic_altar, serial_bayou_pond_b, uniq_terence

Action                   || total
-------------------------++-------
Melee: Flail             ||    82
  Use: Scroll            ||     1
Armor: Scale mail        ||    42
Dodge: Dodged            ||    48
Block: Buckler           ||    30
